 Dungeon Crawl Stone Soup version 0.31-a0-1009-g454b1f1e0a (webtiles) character file.

Game seed: 7326333949810207300

42 kae the Vexing (level 3, 0/24 HPs)
             Began as a Demonspawn Enchanter on Nov 14, 2023.
             Slain by a gnoll
             ... wielding a +0 spear
              (8 damage)
             ... on level 1 of the Dungeon.
             The game lasted 00:01:16 (1399 turns).

kae the Vexing (Demonspawn Enchanter)               Turns: 1399, Time: 00:01:16

Health: 0/24       AC:  2    Str: 10    XL:     3   Next: 35%
Magic:  0/6        EV: 12    Int: 16    God:
Gold:   42         SH:  0    Dex: 13    Spells: 4/6 levels left

rFire   . . .        a - +1 dagger
rCold   . . .        (no shield)
rNeg    . . .        b - +0 robe
rPois   .            (no helmet)
rElec   .            (no cloak)
rCorr   .            (no gloves)
SInv    .            (no boots)
Will    .....        (no amulet)
Stlth   ++           (no ring)
HPRegen 0.24/turn    (no ring)
MPRegen 0.10/turn

%: no passive effects
@: very slightly contaminated
A: claws 1
a: no special abilities


You were on level 1 of the Dungeon.
You visited 1 branch of the dungeon, and saw 2 of its levels.

You collected 42 gold pieces.


Innate Abilities, Weirdness & Mutations

You have sharp fingernails.


   Skills:
 * Level 1.8 Short Blades
 - Level 1.7 Dodging
 + Level 3.0 Stealth
 + Level 2.3 Spellcasting
 + Level 3.3 Hexes
 + Level 0.5 Ice Magic


You had 4 spell levels left.
You knew the following spells:

 Your Spells              Type           Power      Damage    Failure   Level
a - Ensorcelled Hibernat  Hex/Ice        16%        N/A       14%         2

Your spell library contained the following spells:

 Spells                   Type           Power      Damage    Failure   Level
 Confusing Touch          Hex            12%        N/A       16%         3
 Tukima's Dance           Hex            12%        N/A       16%         3
 Dazzling Flash           Conj/Hex       14%        N/A       30%         3

Inventory:

Hand Weapons
 a - a +1 dagger (weapon)
Missiles
 d - 15 stones
 e - 3 poisoned darts
Armour
 b - a +0 robe (worn)
Potions
 c - 2 potions of invisibility
 f - 2 potions of attraction {unknown}
 g - a potion of cancellation {unknown}
 h - a potion of berserk rage {unknown}
 i - a potion of haste {unknown}
 j - a potion of heal wounds {@q2}

Dungeon Overview and Level Annotations

Branches:
Dungeon (2/15) Zot: 10606

Altars:

#.#############.#
#########.#############.#
#.......................#
#.#######.###############
#.# #.# #.# #.#
############### #.#
#.#######.)............
#.#
#.#...#g..####.########
#.# #.#...@.### #..# #.#
#.#....## ##..#
#.#######.#....# #<..#
#......##.#....# ##.##
######.##.#....# ######
#.##....).# #.#
#.####....# #.# #.#
#....# #.# #.# #....# #.#


You could see a gnoll.


Message History

You take 14 damage, and now have 10/24 hp.
MASSIVE DAMAGE!! (PAUSE)
The gnoll closely misses you.
You aren't carrying any items that you can evoke.
Okay, then.
Casting: Ensorcelled Hibernation (safe; 14% risk of failure)
Confirm with . or Enter, or press ? or * to list all spells.
Aiming: Ensorcelled Hibernation (safe; 14% risk of failure)
Press: ? - help, Shift-Dir - straight line, f - gnoll
Aim: a gnoll, wielding a +0 spear (chance to affect: 50%)
The gnoll looks drowsy... 😨 HP[+1] MP[-2]
You lost 2 mp, and now have 4/6 mp.
You start resting.
A gnoll is nearby! 😨 HP[+1]
A gnoll is nearby!
Casting: Ensorcelled Hibernation (safe; 14% risk of failure)
Confirm with . or Enter, or press ? or * to list all spells.
Aiming: Ensorcelled Hibernation (safe; 14% risk of failure)
Press: ? - help, Shift-Dir - straight line, f - gnoll
Aim: a gnoll, wielding a +0 spear (chance to affect: 50%)
The gnoll looks drowsy... 😨 MP[-2]
You lost 2 mp, and now have 2/6 mp.
The gnoll shouts! 😮 HP[+1] 😮 MP[+1] 😮 HP[+1] 😮 HP[+1] 😮 MP[+1] 😮 HP[+1] 😮 HP[+1] 😮 HP[+1] MP[+1] 😕 HP[+1]
Things that are here:
a +0 short sword; a kobold corpse 😕 HP[+1] 😕 MP[+1]
Your mp is fully restored (6). 😕 HP[+1] 😕 HP[+1]
You see here a ball python skeleton. 😕 HP[+1] 😎 HP[+1]
Your hp is fully restored (24).
There is a stone staircase leading up here.
The gnoll completely misses you.
There is a stone staircase leading up here.
The gnoll hits you with a +0 spear!
You climb upwards.
There is a stone staircase leading down here. 😮 HP[-6]
You take 6 damage, and now have 18/24 hp.
MASSIVE DAMAGE!! (PAUSE)
Casting: Ensorcelled Hibernation (safe; 14% risk of failure)
Confirm with . or Enter, or press ? or * to list all spells.
Aiming: Ensorcelled Hibernation (safe; 14% risk of failure)
Press: ? - help, Shift-Dir - straight line, f - gnoll
Aim: a gnoll, wielding a +0 spear (chance to affect: 50%)
You miscast Ensorcelled Hibernation.
You are very lightly contaminated with residual magic.
Nothing appears to happen.
The gnoll hits you with a +0 spear. 😮 HP[-5] MP[-2]
You take 5 damage, and now have 13/24 hp.
MASSIVE DAMAGE!! (PAUSE)
You lost 2 mp, and now have 4/6 mp.
Casting: Ensorcelled Hibernation (safe; 14% risk of failure)
Confirm with . or Enter, or press ? or * to list all spells.
Aiming: Ensorcelled Hibernation (safe; 14% risk of failure)
Press: ? - help, Shift-Dir - straight line, f/p - gnoll
Aim: a gnoll, wielding a +0 spear (chance to affect: 50%)
The gnoll resists with some effort.
The gnoll hits you with a +0 spear.
* * * LOW HITPOINT WARNING * * *
Unknown command. 😨 HP[-5] MP[-2]
You take 5 damage, and now have 8/24 hp.
MASSIVE DAMAGE!! (PAUSE)
You lost 2 mp, and now have 2/6 mp.
Casting: Ensorcelled Hibernation (safe; 14% risk of failure)
Confirm with . or Enter, or press ? or * to list all spells.
Aiming: Ensorcelled Hibernation (safe; 14% risk of failure)
Press: ? - help, Shift-Dir - straight line, f/p - gnoll
Aim: a gnoll, wielding a +0 spear (chance to affect: 50%)
The gnoll looks drowsy... 😨 MP[-2]
You lost 2 mp, and now have 0/6 mp.
Unknown command.
Casting: Ensorcelled Hibernation (safe; 14% risk of failure)
Confirm with . or Enter, or press ? or * to list all spells.
You don't have enough magic to cast this spell.
Casting: Ensorcelled Hibernation (safe; 14% risk of failure)
Confirm with . or Enter, or press ? or * to list all spells.
You don't have enough magic to cast this spell.
The helpless gnoll fails to defend itself.
You puncture the gnoll! The gnoll hits you with a +0 spear.
* * * LOW HITPOINT WARNING * * *
Unknown command.
You hit the gnoll but do no damage. The gnoll hits you with a +0 spear!
You die...

Skill      XL: |  1  2  3 |
---------------+----------+-----
Short Blades   | 1 |  1.8
Stealth        | 3 |  3.0
Dodging        | |  1.7
Spellcasting   | |  2.3
Hexes          | |  3.3
Ice Magic      | |  0.5

Action                     || total
---------------------------++-------
  Melee: Dagger            ||    95
         Punch             ||     1
   Cast: Ensorcelled Hiber ||     5
    Use: Scroll            ||     3
   Stab: Sleeping          ||     5
 Armour: Robe              ||    44
  Dodge: Dodged            ||    62

Levels and vault maps discovered:
D:1:      saegor_arrival_simple_a, layout_basic
D:2:      layout_loops_corners, uniq_crazy_yiuf_cottage

Notes
Turn   | Place    | Note
-------+----------+-------------------------------------------
     0 | D:1      | kae the Demonspawn Enchanter began the quest for the Orb.
     0 | D:1      | Reached XP level 1. HP: 13/13 MP: 3/3
     0 | D:1      | magus.rc [v1.11.3]
    20 | D:1      | HP: 3/13 [kobold/+0 dagger (2)]
    23 | D:1      | HP: 1/13 [kobold/+0 dagger (2)]
    26 | D:1      | Reached skill level 1 in Short Blades
   181 | D:1      | Gained mutation: You have sharp fingernails. [demonic
                  | ancestry]
   181 | D:1      | Reached XP level 2. HP: 19/19 MP: 5/5
   273 | D:1      | Learned a level 2 spell: Ensorcelled Hibernation
   495 | D:1      | Reached XP level 3. HP: 19/24 MP: 1/6
   599 | D:1      | Reached skill level 3 in Stealth
  1399 | D:1      | Slain by a gnoll

Vanquished Creatures
  2 gnolls (D:1)
  3 ball pythons
  3 endoplasms (D:1)
  2 goblins (D:1)
  A hobgoblin (D:1)
  5 kobolds
  A quokka (D:1)
  2 bats (D:1)
  2 frilled lizards (D:1)
  2 rats
23 creatures vanquished.

Table legend:
 A = Non-vault XP
 B = Vault XP
 C = Vault XP percentage of total XP
 D = Non-vault monster count
 E = Vault monster count
 F = Vault count percentage of total count
                 A         B        C        D         E       F
            +---------+---------+-------+---------+---------+-------
      Total |      61 |       0 |   0.0 |      23 |       0 |   0.0
            +---------+---------+-------+---------+---------+-------
        D:1 |      56 |       0 |   0.0 |      19 |       0 |   0.0
        D:2 |       5 |       0 |   0.0 |       4 |       0 |   0.0
            +---------+---------+-------+---------+---------+-------

Skill      XL: |  1  2  3 |
---------------+----------+-----
Short Blades   | 1 |  1.8
Stealth        | 3 |  3.0
Dodging        | |  1.7
Spellcasting   | |  2.3
Hexes          | |  3.3
Ice Magic      | |  0.5

Action                     || total
---------------------------++-------
  Melee: Dagger            ||    95
         Punch             ||     1
   Cast: Ensorcelled Hiber ||     5
    Use: Scroll            ||     3
   Stab: Sleeping          ||     5
 Armour: Robe              ||    44
  Dodge: Dodged            ||    62

Illustrated notes

Table legend:
 A = Kills in this place as a percentage of kills in the entire game.
 B = Kills by you in this place as a percentage of kills by you in the entire game.
 C = Kills by friends in this place as a percentage of kills by friends in the entire game.
 D = Other kills in this place as a percentage of other kills in the entire game.
 E = Experience gained in this place as a percentage of experience gained in the entire game.
 F = Experience gained in this place divided by the number of levels of this place that you have seen.
                   A       B       C       D       E      F
               +-------+-------+-------+-------+-------+----------------------
         Total | 100.0 | 100.0 |   N/A |   N/A | 100.0 |  30.5
       Dungeon | 100.0 | 100.0 |   N/A |   N/A | 100.0 |  30.5
               +-------+-------+-------+-------+-------+----------------------

Table legend: (Time is in decaauts)
 A = Elapsed time spent in this place.
 B = Non-inter-level travel time spent in this place.
 C = Inter-level travel time spent in this place.
 D = Time resting spent in this place.
 E = Time spent auto-exploring this place.
 F = Levels seen in this place.
 G = Mean time per level.
                   A        B        C        D        E       F      G
               +--------+--------+--------+--------+--------+-----+--------+
         Total |   1393 |   1357 |     36 |    115 |    954 |   2 |  696.5 |
       Dungeon |   1393 |   1357 |     36 |    115 |    954 |   2 |  696.5 |
               +--------+--------+--------+--------+--------+-----+--------+

Top non-repeatable levels by time:
     D:1: 998 daAuts
     D:2: 394 daAuts
